 Dungeon Crawl Stone Soup version 0.23.1 (webtiles) character file.

Game seed: 8438463514740621076

137 Irenicus the Digger (level 5, -12/42 HPs)
             Began as a Deep Dwarf Earth Elementalist on Mar 19, 2019.
             Killed from afar by an orc (13 damage)
             ... with a wand of acid (6)
             ... on level 3 of the Dungeon.
             The game lasted 00:09:29 (1343 turns).

Irenicus the Digger (Deep Dwarf Earth Elementalist) Turns: 1343, Time: 00:09:30

Health: -12/42     AC:  0    Str: 12    XL:     5   Next: 0%
Magic:  0/8        EV: 12    Int: 16    God:
Gold:   85         SH:  0    Dex: 13    Spells: 5/8 levels left

rFire    . . .     SeeInvis .   i - +4 dagger
rCold    + . .     Gourm    .   (no shield)
rNeg     + . .     Faith    .   e - +0 leather armour (curse)
rPois    .         Spirit   .   (no helmet)
rElec    .         Reflect  .   (no cloak)
rCorr    .         Harm     .   (no gloves)
MR       .....                  r - +0 pair of boots
Stlth    ++........             (no amulet)
HPRegen  0.00/turn              t - ring of positive energy {rN+}
MPRegen  0.11/turn              q - ring of protection from cold {rC+, !d}

@: corroded, non-regenerating
A: damage resistance, heal wounds, sense surroundings 1, no regeneration
a: Heal Wounds


You were on level 3 of the Dungeon.
You were not hungry.

You visited 1 branch of the dungeon, and saw 3 of its levels.

You collected 85 gold pieces.

Inventory:

Hand Weapons
 a - a +0 short sword
   (You took it off a kobold on level 1 of the Dungeon)
 c - a +0 whip of venom
   (You took it off a kobold on level 1 of the Dungeon)
 i - a +4 dagger (weapon)
   (You found it on level 1 of the Dungeon)
 s - a +0 dagger of venom
   (You took it off an orc wizard on level 3 of the Dungeon)
Missiles
 b - 80 stones (quivered)
Armour
 e - a cursed +0 leather armour (worn)
   (You found it on level 1 of the Dungeon)
 r - a +0 pair of boots (worn)
   (You found it on level 2 of the Dungeon)
Jewellery
 h - an uncursed ring of stealth {Stlth+}
   (You found it on level 1 of the Dungeon)
 q - a ring of protection from cold (right hand) {rC+, !d}
   (You found it on level 2 of the Dungeon)
 t - a ring of positive energy (left hand) {rN+}
   (You found it on level 3 of the Dungeon)
Scrolls
 f - 2 scrolls of teleportation {unknown}
 g - 2 scrolls of magic mapping {unknown}
 l - 2 scrolls of random uselessness {unknown}
 m - 2 scrolls of fear {unknown}
 n - 2 scrolls of enchant weapon {unknown}
 o - a scroll of remove curse {unknown}
 p - a scroll of identify {unknown}
Potions
 j - 2 potions of might {unknown}
 k - a potion of flight {unknown}
Comestibles
 d - 7 rations


   Skills:
 - Level 1.3 Short Blades
 - Level 2.1 Dodging
 - Level 2.4 Stealth
 - Level 2.1 Spellcasting
 - Level 0.8 Transmutations
 + Level 6.9 Earth Magic


You had 5 spell levels left.
You knew the following spells:

 Your Spells              Type           Power        Failure   Level  Hunger
a - Sandblast             Erth           ###...       1%          1    #......
w - Passwall              Tmut/Erth      ##......     9%          2    ###....

Your spell library contained the following spells:

 Spells                   Type           Power        Failure   Level  Hunger
 Stone Arrow              Conj/Erth      ##....       19%         3    ###....
 Lee's Rapid Deconstruct  Erth           ###.......   38%         5    ######.
 Petrify                  Tmut/Erth      ##......     47%         4    #####..


Dungeon Overview and Level Annotations

Branches:
Dungeon (3/15)

Altars:


Innate Abilities, Weirdness & Mutations

You are resistant to damage.
You can heal yourself by infusing magical energy.
You passively map a small area around you.
You do not regenerate.


Message History

Aim: a frilled lizard The blast of sand hits the frilled lizard!
You kill the frilled lizard!
b - 88 stones You now have 0/7 mp.
You barely miss the hobgoblin. The hobgoblin closely misses you.
You are feeling very hungry.
You hit the hobgoblin. The hobgoblin misses you.
You hit the hobgoblin but do no damage. The hobgoblin misses you.
You hit the hobgoblin but do no damage. The hobgoblin hits you with a +0 club.
There is an open door here.
Aim: a hobgoblin, wielding a +0 club (severely wounded)
The blast of sand hits the hobgoblin!
You kill the hobgoblin!
b - 87 stones You now have 0/7 mp.
You open the door.
A ball python comes into view.
There is an open door here.
A hobgoblin comes into view.
A hobgoblin comes into view. It is wielding a +0 club.
The hobgoblin moves out of view.
Aim: a hobgoblin (resting)
The blast of sand hits the hobgoblin!
You kill the hobgoblin!
b - 86 stones You now have 1/7 mp.
There is an open door here.
Aim: a hobgoblin, wielding a +0 club (hasn't noticed you)
The blast of sand hits the hobgoblin.
The hobgoblin shouts!
b - 85 stones You hear an angry hiss.
The hobgoblin hits you with a +0 club.
Aim: a hobgoblin, wielding a +0 club (moderately wounded)
The blast of sand misses the hobgoblin.
b - 84 stones The hobgoblin hits you but does no damage.
You now have 0/7 mp.
Found a stone staircase leading down.
You don't have enough magic to cast that spell.
Unknown command.
Aim: a hobgoblin, wielding a +0 club The blast of sand hits the hobgoblin.
b - 83 stones The hobgoblin hits you with a +0 club.
You now have 0/7 mp.
You completely miss the hobgoblin. The hobgoblin hits you with a +0 club!
You take 6 damage, and have 19/36 hp.
You don't have enough magic to cast that spell.
You hit the hobgoblin.
You kill the hobgoblin!
You hit the ball python. The ball python barely misses you.
The ball python closely misses you.
You hit the ball python but do no damage.
The ball python bites you but does no damage.
The ball python grabs you. The ball python constricts you.
You hit the ball python.
You kill the ball python!
You open the door.
There is an open door here.
There is an open door here.
d - 7 rations (gained 1)
Things that are here:
a +0 club; a ball python corpse You butcher the ball python corpse.
Things that are here:
a +0 club; a chunk of flesh {@w0}; a ball python skeleton Eating a chunk of flesh {@w0}.
You eat the chunk of flesh {@w0}.
An orc comes into view. It is wielding a +0 hand axe.
Aim: an orc, wielding a +0 hand axe and wearing a +0 leather armour (hasn't noticed you)
The blast of sand misses the orc.
b - 82 stones The orc shouts! x2
You now have 1/7 mp.
Aim: an orc, wielding a +0 hand axe and wearing a +0 leather armour The blast of sand hits the orc!
You kill the orc!
b - 81 stones The orc zaps a wand.
The bolt of acid misses you.
You now have 0/7 mp.
You hit the orc. The orc hits you with a cursed -2 club.
You take 2 damage, and have 17/36 hp.
You closely miss the orc. The orc hits you but does no damage.
You hit the orc.
Things that are here:
a +0 club; a ball python skeleton You hit the orc.
You kill the orc!
You have reached level 5!
The orc zaps a wand.
The bolt of acid hits you!
* * * LOW HITPOINT WARNING * * *
The acid corrodes you!
You are splashed with acid!
* * * LOW HITPOINT WARNING * * *
You take 16 damage, and have 1/42 hp.
MASSIVE DAMAGE!!
Aim: an orc, wearing a +0 scale mail and carrying a wand of acid (6)
The blast of sand hits the orc but does no damage.
b - 80 stones The orc zaps a wand.
The bolt of acid hits you!
You die...

*, #....#.##...###...##.#
##.#..#..#....#.... #.#
#######,...#..#..##.......# #.#
...†..#.###...#...#.<.♣.<.# #.##
.# #.#..........##.......###..#
.####.#......>..##....#....###.##
............).o.##...###...###..#
.###..#####...#)#....# #...)###.#
..............#.@.♣.## ##.♣.'.#.#
######.###...####...# #...#.#.#
#.# #......##'## ##.##...#
#.###.o.# #.######..#...##
#......# #........##...# ####...#
#.#########..## ##..##
#............#
#...################...#
#.#...................##


You could see an orc.

Vanquished Creatures
  2 orc wizards (D:3)
  A worm (D:2)
  A dart slug (D:3)
  7 orcs (D:3)
  11 bats
  3 giant cockroaches
  4 goblins
  8 hobgoblins
  4 jackals (D:2)
  2 ball pythons
  5 frilled lizards
  13 kobolds
  8 rats
69 creatures vanquished.

Notes
Turn   | Place    | Note
-------+----------+-------------------------------------------
     0 | D:1      | Irenicus the Deep Dwarf Earth Elementalist began the quest
                  | for the Orb.
     0 | D:1      | Reached XP level 1. HP: 15/15 MP: 3/3
   103 | D:1      | Reached skill level 2 in Spellcasting
   141 | D:1      | Reached XP level 2. HP: 22/22 MP: 5/5
   264 | D:1      | Reached skill level 5 in Earth Magic
   455 | D:1      | Learned a level 2 spell: Passwall
   527 | D:1      | Reached XP level 3. HP: 24/28 MP: 2/6
  1020 | D:3      | Reached skill level 1 in Short Blades
  1020 | D:3      | Reached skill level 6 in Earth Magic
  1020 | D:3      | Reached XP level 4. HP: 28/36 MP: 4/7
  1342 | D:3      | Reached XP level 5. HP: 20/42 MP: 1/8
  1342 | D:3      | HP: 10/42 [orc/wand of acid (7) (10)]
  1342 | D:3      | HP: 1/42 [acid (9)]
  1343 | D:3      | Killed from afar by an orc

Skill      XL: |  1  2  3 |
---------------+----------+-----
Spellcasting   | 2 |  2.1
Earth Magic    | 5 6 |  6.9
Short Blades   | 1 |  1.3
Dodging        | |  2.1
Stealth        | |  2.4
Transmutations | |  0.8

Action                   |  1- 3 |  4- 6 || total
-------------------------+-------+-------++-------
Melee: Unarmed           |    10 |       ||    10
       Short sword       |    16 |       ||    16
       Dagger            |    17 |    13 ||    30
       Whip              |     6 |       ||     6
 Cast: Sandblast         |    54 |    27 ||    81
       Passwall          |     6 |     3 ||     9
 Stab: Sleeping          |     6 |       ||     6
  Eat: Chunk             |     1 |     2 ||     3
Armor: Robe              |     9 |       ||     9
       Leather armour    |    11 |     2 ||    13
Dodge: Dodged            |    54 |     8 ||    62

Levels and vault maps discovered:
D:1:      psy_arrival_spokes, layout_loops_ring
D:2:      layout_basic, first_ration, lexackson_kobold_supper
D:3:      minmay_door_path, layout_basic, nicolae_overflow_crystal_walls,
          lemuel_zombie_altar_kikubaaqudgha, grunt_ministairs_13

Table legend:
 A = Turns spent in this place as a percentage of turns spent in the entire game.
 B = Non-inter-level travel turns spent in this place as a percentage of non-inter-level travel turns spent in the entire game.
 C = Inter-level travel turns spent in this place as a percentage of turns spent in this place.
 D = Turns resting spent in this place as a percentage of non-inter-level travel turns spent in this place.
 E = Turns spent auto-exploring this place as a percentage of non-inter-level travel turns spent in this place.
 F = Non-inter-level travel turns spent in this place divided by the number of levels of this place that you've seen.
                   A       B       C       D       E      F
               +-------+-------+-------+-------+-------+----------------------
         Total | 100.0 | 100.0 |   2.8 |   0.0 |   0.0 | 435.3
       Dungeon | 100.0 | 100.0 |   2.8 |   0.0 |   0.0 | 435.3
               +-------+-------+-------+-------+-------+----------------------

Table legend:
 A = Kills in this place as a percentage of kills in entire the game.
 B = Kills by you in this place as a percentage of kills by you in the entire game.
 C = Kills by friends in this place as a percentage of kills by friends in the entire game.
 D = Other kills in this place as a percentage of other kills in the entire game.
 E = Experience gained in this place as a percentage of experience gained in the entire game.
 F = Experience gained in this place divided by the number of levels of this place that you have seen.
                   A       B       C       D       E      F
               +-------+-------+-------+-------+-------+----------------------
         Total | 100.0 | 100.0 |   N/A |   N/A | 100.0 |  65.3
       Dungeon | 100.0 | 100.0 |   N/A |   N/A | 100.0 |  65.3
               +-------+-------+-------+-------+-------+----------------------
